 Dungeon Crawl Stone Soup version 0.25.1-2-g60ff931df9 (webtiles) character file.

Game seed: 10661091639297003521

54 Almogavar the Slasher (level 3, -10/34 HPs)
             Began as a Minotaur Berserker on Sept 3, 2020.
             Was a Believer of Trog.
             Mangled by a gnoll
             ... wielding a +0 flail
              (13 damage)
             ... on level 1 of the Dungeon.
             The game lasted 00:03:22 (1258 turns).

Almogavar the Slasher (Minotaur Berserker)          Turns: 1258, Time: 00:03:23

Health: -10/34     AC:  5    Str: 21 (22) XL:     3   Next: 66%
Magic:  2/2        EV: 11    Int:  1 (4)  God:    Trog [**....]
Gold:   13         SH:  0    Dex:  8 (9)  Spells: 2/2 levels left

rFire    . . .     SeeInvis .   a - +0 falchion
rCold    . . .     Gourm    .   (no shield)
rNeg     . . .     Faith    .   j - +0 ring mail
rPois    .         Spirit   .   (helmet restricted)
rElec    .         Reflect  .   (no cloak)
rCorr    .         Harm     .   (no gloves)
MR       .....                  (no boots)
Stlth    ..........             (no amulet)
HPRegen  0.11/turn              (no ring)
MPRegen  0.08/turn              (no ring)

@: no status effects
A: retaliatory headbutt, horns 2
a: Berserk, Trog's Hand, Renounce Religion


You were on level 1 of the Dungeon.
You worshipped Trog.
Trog was pleased with you.
You were not hungry.

You visited 1 branch of the dungeon, and saw 2 of its levels.

You collected 13 gold pieces.

Inventory:

Hand Weapons
 a - a +0 falchion (weapon)
Armour
 j - a +0 ring mail (worn)
Scrolls
 d - a scroll of teleportation {unknown}
 f - a scroll of remove curse
Potions
 g - a potion of ambrosia {unknown}
 h - a potion of degeneration
 i - a potion of flight {unknown}
 k - a potion of curing {unknown}
Comestibles
 b - 3 chunks of flesh
 c - 2 rations


   Skills:
 + Level 4.4 Fighting
 + Level 4.4 Long Blades
 + Level 2.9 Armour
 + Level 2.5 Dodging


You had 2 spell levels left.
You didn't know any spells.
Your spell library was empty.

Dungeon Overview and Level Annotations

Branches:
Dungeon (2/15)

Altars:
Ashenzari
Hepliaklqana
Qazlal


Innate Abilities, Weirdness & Mutations

You reflexively headbutt those who attack you in melee.
You have a pair of horns on your head.


Message History

The frilled lizard hisses angrily.
There is a stone staircase leading up here.
The gnoll closely misses you. The gnoll barely misses you.
You climb upwards.
There is a stone staircase leading down here.
You hit the gnoll but do no damage. Your headbutt misses the gnoll.
The gnoll is moderately wounded.
The gnoll hits you with a +0 flail.
You barely miss the gnoll.
The gnoll is moderately wounded.
The gnoll barely misses you.
You barely miss the gnoll.
The gnoll is moderately wounded.
The gnoll hits you with a +0 flail!
* * * LOW HITPOINT WARNING * * *
It was a potion of degeneration.
There was something very wrong with that liquid.
You feel weakened.
You feel dopey.
You feel clumsy. The gnoll hits you with a +0 flail!
You die...

...........# ##########.#
#.......(#.# #.######.#.#
#.#......#.# #.########'###
####### #............# #......
#####...#....##### #......
#...'...+....'.g@## ######......
#.###...#....###..# #...........
#.#.....#....# #..####.......##..
#.#.....###### #.....+...........
#.#.....# ###.###........###
#.#....÷# #.###........#
#.#.....### #####..#########.###
#.#.......# #............)÷.....
#.#.......####+####.#########.###


You could see a gnoll.

Vanquished Creatures
  2 adders (D:2)
  2 dart slugs
  2 giant cockroaches
  3 goblins
  2 hobgoblins (D:1)
  4 jackals (D:1)
  4 kobolds (D:1)
  2 quokkas (D:2)
  4 bats (D:1)
  2 frilled lizards
  A giant cockroach zombie (D:2)
  3 rats
31 creatures vanquished.

Vanquished Creatures (others)
  5 toadstools (D:1)
5 creatures vanquished.

Grand Total: 36 creatures vanquished

Notes
Turn   | Place    | Note
-------+----------+-------------------------------------------
     0 | D:1      | Almogavar the Minotaur Berserker began the quest for the
                  | Orb.
     0 | D:1      | Reached XP level 1. HP: 19/19 MP: 0/0
   276 | D:1      | Reached XP level 2. HP: 26/27 MP: 1/1
   661 | D:1      | Reached ** piety under Trog
   949 | D:2      | Reached XP level 3. HP: 34/34 MP: 2/2
   953 | D:2      | Found a stormy altar of Qazlal.
   961 | D:2      | Found a hazy altar of Hepliaklqana.
   961 | D:2      | Found a shattered altar of Ashenzari.
  1258 | D:1      | Mangled by a gnoll

Illustrated notes

Levels and vault maps discovered:
D:1:      ldierk_walled_garden, layout_basic
D:2:      layout_rooms, grunt_temple_overflow_open, serial_glass,
          glass_columns_c, glass_columns_a, minivault_5,
          kennysheep_generic_room_16

Skill      XL: |  1  2 |
---------------+-------+-----
Fighting       | 4 |  4.4
Long Blades    | 4 |  4.4
Armour         | |  2.9
Dodging        | |  2.5

Action                   || total
-------------------------++-------
Melee: Falchion          ||    78
       Headbutt          ||    14
  Use: Scroll            ||     2
       Potion            ||     1
  Eat: Chunk             ||     1
Armor: Animal skin       ||     5
       Ring mail         ||    29
Dodge: Dodged            ||    49
       Rpst.: Falchion   ||     7
